 Dungeon Crawl Stone Soup version 0.24.0-10-g970556be89 (webtiles) character file.

Game seed: 10444993257411473966, levelgen mode: deterministic

15048 kkkmkkk the Nimble (level 11, -1/53 HPs)
             Began as a Felid Wizard on Nov 4, 2019.
             Was an Elder of Sif Muna.
             Slain by a hell rat (14 damage)
             ... on level 6 of the Lair of Beasts.
             The game lasted 01:50:22 (45434 turns).

kkkmkkk the Nimble (Felid Wizard)                  Turns: 45434, Time: 01:50:23

Health: -1/53      AC:  3    Str:  5    XL:     11   Next: 96%
Magic:  27/27      EV: 34    Int: 23    God:    Sif Muna [****..]
Gold:   684        SH:  0    Dex: 21    Spells: 3/33 levels left
                                        Lives:  0   Deaths: 3

rFire    . . .     SeeInvis +     - Unarmed
rCold    + + .     Gourm    .   (shield unavailable)
rNeg     . . .     Faith    .   (armour unavailable)
rPois    .         Spirit   .   (helmet unavailable)
rElec    +         Reflect  .   (cloak unavailable)
rCorr    .         Harm     .   (gloves unavailable)
MR       +....                  (boots unavailable)
Stlth    +++.......             J - amulet of the Air {Inacc +Fly rElec EV+5 RMsl}
HPRegen  0.17/turn              I - ring of protection from cold
MPRegen  0.20/turn              h - +5 ring of dexterity

@: drained, repel missiles, quick
A: very small, no armour, no weapons or thrown items, stealth, claws 1, fangs 3,
see invisible, carnivore, speed 1, shaggy fur 3, slow metabolism 1, strong 1,
wild magic 1, no potion heal 1, sharp paws
a: Channel Magic, Forget Spell, Divine Exegesis, Renounce Religion, Evoke Flight


You were on level 6 of the Lair of Beasts.
You worshipped Sif Muna.
Sif Muna was greatly pleased with you.
You were not hungry.

You visited 4 branches of the dungeon, and saw 23 of its levels.
You also visited: Ossuary.

You collected 1110 gold pieces.
You spent 426 gold pieces at shops.

Inventory:

Jewellery
 h - a +5 ring of dexterity (right paw)
 r - an uncursed ring of ice
 C - a +3 ring of intelligence
 D - an uncursed ring of fire
 I - a ring of protection from cold (left paw)
 J - the amulet of the Air (around neck) {Inacc +Fly rElec EV+5 RMsl}
   (You found it on level 13 of the Dungeon)

   [amulet of inaccuracy]

   It reduces the accuracy of all your attacks.
   It affects your evasion (+5).
   It insulates you from electricity.
   It lets you fly.
   It protects you from missiles.
Wands
 j - a wand of digging (1)
 n - a wand of flame (21)
 y - a wand of disintegration (18)
 A - a wand of polymorph (5)
 H - a wand of paralysis (9)
 N - a wand of iceblast (8)
Scrolls
 c - 9 scrolls of enchant armour
 d - 17 scrolls of remove curse
 g - 2 scrolls of blinking
 i - 3 scrolls of random uselessness
 k - 5 scrolls of fog
 q - 3 scrolls of enchant weapon
 s - 2 scrolls of immolation
 u - 3 scrolls of amnesia
 v - 2 scrolls of noise {unknown}
 B - 7 scrolls of teleportation
 E - 2 scrolls of summoning {unknown}
 F - 3 scrolls of magic mapping
 L - a scroll of acquirement
Potions
 a - 7 potions of haste
 e - 4 potions of heal wounds
 f - 6 potions of curing
 l - 4 potions of mutation
 m - 2 potions of might
 o - a potion of resistance
 p - a potion of agility
 t - 2 potions of berserk rage
 w - 2 potions of degeneration
 x - 2 potions of brilliance
 z - a potion of flight
Miscellaneous
 G - a fan of gales
 K - a lamp of fire
Comestibles
 b - 40 rations
 M - 5 chunks of flesh


   Skills:
 + Level 9.0(8.3) Fighting
 - Level 11.6(10.9) Dodging
 - Level 2.6(2.0) Stealth
 - Level 4.4(3.8) Unarmed Combat
 - Level 11.6(10.8) Spellcasting
 - Level 6.2(5.5) Conjurations
   Level 6.0(5.4) Hexes
 - Level 6.7(6.0) Summonings
 + Level 2.8(2.2) Necromancy
 - Level 1.5(0.9) Translocations
 + Level 5.7(5.1) Transmutations
 - Level 3.8(3.2) Fire Magic
 - Level 5.4(4.7) Air Magic
 + Level 3.1(2.5) Earth Magic
 + Level 2.4(1.8) Invocations
 + Level 5.8(5.1) Evocations


You had 3 spell levels left.
You knew the following spells:

 Your Spells              Type           Power        Failure   Level  Hunger
a - Magic Dart            Conj           ####         1%          1    None
b - Blink                 Tloc           N/A          9%          2    None
c - Call Imp              Summ           ######..     1%          2    None
d - Conjure Flame         Conj/Fire      #####...     4%          3    None
e - Mephitic Cloud        Conj/Pois/Air  #####...     6%          3    None
f - Borgnjor's Vile Clut  Necr/Erth      ####......   56%         5    ####...
g - Apportation           Tloc           ###...       6%          1    None
h - Statue Form           Tmut/Erth      #####....    90%         6    #####..
j - Regeneration          Chrm/Necr      ###.......   14%         3    None
k - Summon Lightning Spi  Summ/Air       #####...     9%          4    None

Your spell library contained the following spells:

 Spells                   Type           Power        Failure   Level  Hunger
 Beastly Appendage        Tmut           #####.       1%          1    None
 Confusing Touch          Hex            #####.       1%          1    None
 Corona                   Hex            #####..      1%          1    None
 Flame Tongue             Conj/Fire      #####        1%          1    None
 Summon Small Mammal      Summ           ####         1%          1    None
 Slow                     Hex            #####...     1%          2    None
 Sticks to Snakes         Tmut           #####...     1%          2    None
 Throw Flame              Conj/Fire      #####.       2%          2    None
 Animate Skeleton         Necr           N/A          3%          1    None
 Confuse                  Hex            #####...     3%          3    None
 Dazzling Spray           Conj/Hex       #####.       3%          3    None
 Static Discharge         Conj/Air       #####...     3%          3    None
 Tukima's Dance           Hex            #####...     3%          3    None
 Ensorcelled Hibernation  Hex/Ice        ####..       4%          2    None
 Inner Flame              Hex/Fire       #####...     4%          3    None
 Corpse Rot               Necr           N/A          5%          2    None
 Ignite Poison            Fire/Tmut/Pois ####....     8%          3    None
 Infusion                 Chrm           ###.         9%          1    None
 Spider Form              Tmut/Pois      ####......   9%          3    None
 Shroud of Golubria       Chrm/Tloc      ###...       10%         2    None
 Song of Slaying          Chrm           ###.....     12%         2    None
 Sticky Flame             Conj/Fire      #####...     13%         4    None
 Irradiate                Conj/Tmut      #####.....   22%         5    ####...
 Blade Hands              Tmut           #####.....   24%         5    ####...
 Ice Form                 Ice/Tmut       ####....     26%         4    None
 Silence                  Hex/Air        #####.....   26%         5    ####...
 Animate Dead             Necr           N/A          28%         4    None
 Fireball                 Conj/Fire      #####.....   32%         5    ####...
 Conjure Ball Lightning   Conj/Air       #####.....   75%         6    #####..
 Hydra Form               Tmut           #####.....   75%         6    #####..
 Bolt of Fire             Conj/Fire      #####.....   85%         6    #####..
 Deflect Missiles         Chrm/Air       ####......   98%         6    #####..
 Simulacrum               Ice/Necr       ###.......   99%         6    #####..
 Dragon Form              Tmut           #####.....   99%         7    #######
 Haunt                    Necr/Summ      #####.....   100%        7    #######
 Ring of Flames           Chrm/Fire      ####......   100%        7    #######
 Ignition                 Fire           #####.....   100%        8    #######
 Tornado                  Air            #####.....   100%        9    #######
 Spectral Weapon          Hex/Chrm       Unusable     N/A         3    N/A

Dungeon Overview and Level Annotations

Branches:
Dungeon (15/15)            Temple (1/1) D:5            Lair (6/6) D:10
  Swamp (0/4) Lair:3        Snake (0/4) Lair:4          Orc (1/2) D:11
Ossuary (visited)
  Slime: Lair:5-6    Vaults: D:13-14     Depths: D:15

Altars:
Ashenzari
Cheibriados
Dithmenos
Elyvilon
Fedhas
Gozag
Hepliaklqana
Kikubaaqudgha
Makhleb
Nemelex Xobeh
Okawaru
Sif Muna
Trog
Uskayaw
Vehumet
Xom
Yredelemnul
Zin
The Shining One

Shops:
D:6 [   D:8 %   D:12 *   D:13 ?

Annotations:
D:4 Grinder
D:5 1 runed translucent door, Crazy Yiuf
Lair:2 exclusion: 2 oklob plants
Lair:5 exclusion: oklob plant


Innate Abilities, Weirdness & Mutations

You cannot wear armour.
You are incapable of wielding weapons or throwing items.
Your paws allow you to move quietly. (Stealth)
You have sharp claws.
You have razor-sharp teeth.
You have supernaturally acute eyesight. (SInv)
You are carnivorous and can eat meat at any time.
You cover ground quickly.
Your thick and shaggy fur keeps you warm. (AC +3, rC+)
You have a slow metabolism.
Your sharp claws are effective at attacking unaware monsters.
Your muscles are strong. (Str +2)
Your spells are a little harder to cast, but a little more powerful.
Potions are less effective at restoring your health.


Message History

A dream sheep comes into view.
The dream sheep bleats!
You hear a deafening roar! x2
The dream sheep ruffles its wool and motes of dream dust sparkle, to no effect.
A hell rat comes into view. x2
The hell rat roars deafeningly!
You hear a deafening roar!
You hear a bleat! x3
You hear a bellow!
You hear a croak.
You hear a bellow!
You hear a howl!
A yak comes into view.
A dream sheep comes into view.
A hell rat comes into view.
A yak comes into view.
The dream sheep shake their wool and sparkle.
You feel drowsy...
You fall asleep.
The hell rat completely misses you.
A hell rat comes into view.
The hell rat completely misses you. x5
The hell rat misses you. The hell rat completely misses you. x2
The hell rat bites you!!!
You wake up.
Ouch! That really hurt!
* * * LOW HITPOINT WARNING * * *
You feel drained.
You die...

#......#. .......#
#...... .+
##.....##...##
#.......#P..P#
###P..........#
#.....<.......###
##P....r..#...#...
##...@r.#.#.P.#...
##...rr.r..P.......P
#....F..r...........
#.....Y.Y...........(.
#.......YYY............
#......................
##.#.P.....r......Y....
###............r.Y....
#....................


You could see 2 yaks, a spiny frog, 3 dream sheep and 7 hell rats.

Vanquished Creatures
  Josephine (D:10)
  4 hydras
  4 two-headed ogres
  Nergalle (D:11)
  An unseen horror (D:12)
  3 ugly things
  A wolf spider zombie (D:13)
  A cyclops (D:12)
  A manticore (D:12)
  2 centaur zombies
  6 spiny frogs
  2 rime drakes
  4 komodo dragons
  2 trolls
  2 tyrant leeches (Lair:3)
  A meliai zombie (D:13)
  8 hippogriffs
  4 slime creatures
  11 blink frogs
  2 shadows
  A vampire (D:14)
  3 wraiths
  3 hogs (D:7)
  25 yaks
  2 wyverns
  A human (D:7)
  4 hungry ghosts
  Menkaure (D:4)
  2 swamp worms (Lair:3)
  A hell hound (Lair:1)
  2 nagas (Lair:4)
  A soldier ant (D:11)
  6 water moccasins
  4 porcupines
  5 ice beasts
  3 sky beasts
  A black bear (Lair:2)
  4 orc warriors
  3 centaurs (D:12)
  11 ogres
  3 wolves
  3 crocodiles
  4 big kobolds
  11 bullfrogs
  6 gnoll sergeants
  A water moccasin zombie (Ossuary)
  A scorpion (D:9)
  15 killer bees
  4 wights (D:8)
  3 howler monkeys (D:9)
  2 crimson imps
  A bullfrog zombie (D:13)
  2 orc priests
  2 jellies
  4 hounds
  3 iguanas
  5 centaur skeletons
  8 orc wizards
  4 worker ants
  A killer bee zombie (D:7)
  3 mummies
  4 gnolls
  8 adders
  A shadow imp (D:5)
  6 adder zombies
  3 worms
  2 dart slugs (D:1)
  8 leopard geckos
  22 orcs
  11 bats
  4 giant cockroaches
  A gnoll zombie (Ossuary)
  9 goblins
  4 hobgoblins
  3 jackals
  18 kobolds
  4 quokkas
  6 frilled lizards
  3 hobgoblin zombies (Ossuary)
  2 kobold zombies (Ossuary)
  A leopard gecko skeleton (D:6)
  7 orc zombies (Ossuary)
  A quokka zombie (D:9)
  6 rats
364 creatures vanquished.

Vanquished Creatures (collateral kills)
  2 hydras
  2 two-headed ogres
  3 manticores
  4 ugly things
  A cyclops (D:13)
  4 gargoyles
  A komodo dragon (Lair:3)
  A rime drake (Lair:5)
  A yaktaur (D:13)
  4 trolls
  A tengu conjurer (D:13)
  A tyrant leech (Lair:3)
  7 blink frogs
  3 hippogriffs
  A dream sheep (Lair:5)
  3 slime creatures (D:12)
  2 wraiths (D:10)
  14 yaks
  A hog (D:7)
  A steam dragon (D:12)
  2 basilisks
  3 nagas (Lair:4)
  A warg (D:11)
  An acid dragon (D:13)
  A hell hound (Lair:1)
  3 water moccasins
  2 porcupines (Lair:3)
  3 orc warriors
  A sky beast (D:11)
  A phantom (D:12)
  2 ogres
  A centaur (D:6)
  4 wolves (Lair:5)
  2 crocodiles (Lair:5)
  Blork the orc (D:6)
  A big kobold (D:11)
  7 bullfrogs
  A water moccasin zombie (Ossuary)
  4 scorpions
  5 killer bees (D:11)
  5 wights
  2 electric eels (D:14)
  2 howler monkeys
  2 crimson imps (D:12)
  An orc priest (D:3)
  10 orc wizards
  2 hounds
  An iguana (D:13)
  3 worker ants
  A killer bee zombie (D:4)
  A big kobold zombie (Ossuary)
  2 hound zombies
  A howler monkey zombie (D:9)
  3 adders
  7 gnolls
  A shadow imp (D:12)
  An ooze (D:4)
  2 adder zombies (Ossuary)
  12 orcs
  4 goblins (D:3)
  A hobgoblin (D:3)
  3 jackals (D:6)
  A quokka (D:10)
  A frilled lizard (D:5)
  A hobgoblin zombie (Ossuary)
  A kobold (D:12)
  3 kobold zombies (Ossuary)
  An orc zombie (Ossuary)
  A rat (D:2)
  A butterfly (Lair:2)
  3 plants
183 creatures vanquished.

Vanquished Creatures (others)
  An electric eel (D:14)
  A gnoll (D:11)
  A shadow imp (D:14)
  A bush (Lair:5)
  15 fungi
  21 plants
40 creatures vanquished.

Grand Total: 587 creatures vanquished

Notes
Turn   | Place    | Note
-------+----------+-------------------------------------------
     0 | D:1      | kkkmkkk the Felid Wizard began the quest for the Orb.
     0 | D:1      | Reached XP level 1. HP: 7/7 MP: 5/5
    57 | D:1      | Reached skill level 1 in Conjurations
   330 | D:1      | Reached XP level 2. HP: 12/12 MP: 4/7
   462 | D:1      | Learned a level 2 spell: Blink
   465 | D:1      | Learned a level 2 spell: Call Imp
  1144 | D:1      | Reached skill level 1 in Fighting
  1372 | D:1      | Reached skill level 1 in Unarmed Combat
  1372 | D:1      | Reached XP level 3. HP: 15/15 MP: 3/8
  3546 | D:3      | Reached XP level 4. HP: 19/19 MP: 5/10
  3708 | D:4      | Noticed Grinder
  3877 | D:3      | Learned a level 3 spell: Conjure Flame
  4941 | D:5      | Entered Level 5 of the Dungeon
  5105 | D:5      | Found a sand-covered staircase.
  5203 | Ossuary  | Entered an ossuary
  5566 | Ossuary  | Reached XP level 5. HP: 22/22 MP: 1/11
  5838 | Ossuary  | Learned a level 3 spell: Mephitic Cloud
  6545 | Ossuary  | Gained mutation: You are covered in thick fur. (AC +2)
                  | [Felid growth]
  6545 | Ossuary  | Reached XP level 6. HP: 27/27 MP: 1/12
  7235 | D:4      | Found a glowing silver altar of Zin.
  7473 | D:4      | Found an ancient bone altar of Kikubaaqudgha.
  7712 | D:4      | Found a snail-covered altar of Cheibriados.
  7949 | D:4      | Found a blossoming altar of Fedhas.
  8004 | D:4      | Noticed Menkaure
  8558 | D:4      | Killed Menkaure
  8813 | D:4      | Reached skill level 5 in Dodging
  8813 | D:4      | Reached XP level 7. HP: 31/31 MP: 0/14
  9294 | D:4      | Identified a scroll of acquirement
  9466 | D:5      | Found a staircase to the Ecumenical Temple.
  9479 | Temple   | Entered the Ecumenical Temple
  9483 | Temple   | Became a worshipper of Sif Muna the Loreminder
  9864 | D:6      | Noticed Blork the orc
 12329 | D:5      | Found a runed translucent door.
 12330 | D:5      | Noticed Crazy Yiuf
 12560 | D:5      | Learned a level 4 spell: Sticky Flame
 12630 | D:6      | Reached XP level 8. HP: 33/34 MP: 6/16
 12650 | D:6      | Reached * piety under Sif Muna
 12680 | D:6      | Found an opulent altar of Gozag.
 12762 | D:6      | Slain by a water moccasin
 12763 | D:6      | Reached XP level 7. HP: -1/31 MP: 1/15
 12936 | D:6      | Found Eplis's Antique Armour Shop.
 12937 | D:6      | Reached skill level 5 in Spellcasting
 13310 | D:8      | Reached skill level 1 in Fire Magic
 13619 | D:8      | Reached XP level 8. HP: 36/36 MP: 6/17
 13751 | D:8      | Learned a level 1 spell: Apportation
 13827 | D:9      | Noticed a hippogriff
 13949 | D:8      | Reached ** piety under Sif Muna
 14360 | D:8      | Found Edec's Food Boutique.
 14894 | D:6      | HP: 1/36 [iguana (12)]
 15437 | D:6      | Killed Blork the orc
 16336 | D:8      | Found a shadowy altar of Dithmenos.
 17109 | D:8      | Reached XP level 9. HP: 13/39 MP: 9/19
 17943 | D:7      | Found a snail-covered altar of Cheibriados.
 18117 | D:7      | Reached skill level 5 in Fighting
 18506 | D:7      | Reached skill level 5 in Conjurations
 19183 | D:8      | Reached skill level 5 in Summonings
 20704 | D:9      | Reached XP level 10. HP: 35/44 MP: 6/22
 21783 | D:9      | Learned a level 3 spell: Tukima's Dance
 21970 | D:9      | Reached *** piety under Sif Muna
 22001 | D:9      | Reached skill level 1 in Hexes
 22070 | D:9      | Noticed a two-headed ogre
 22118 | D:9      | Killed a two-headed ogre
 23056 | D:9      | Learned a level 4 spell: Ice Form
 23757 | D:9      | Noticed a two-headed ogre
 23774 | D:9      | Killed a two-headed ogre
 24016 | D:10     | Entered Level 10 of the Dungeon
 24132 | D:10     | Found a glowing golden altar of the Shining One.
 24755 | D:11     | Noticed Nergalle
 24881 | D:10     | Noticed Josephine
 25149 | D:9      | Reached skill level 5 in Hexes
 25149 | D:9      | Reached XP level 11. HP: 35/49 MP: 16/25
 25324 | D:10     | Killed Josephine
 25324 | D:10     | Reached skill level 1 in Evocations
 25711 | D:11     | Found a staircase to the Orcish Mines.
 25749 | D:11     | Reached **** piety under Sif Muna
 25856 | D:11     | Learned a level 3 spell: Regeneration
 26377 | D:12     | Noticed a two-headed ogre
 26390 | D:12     | Killed a two-headed ogre
 26402 | D:12     | Reached skill level 10 in Dodging
 26572 | D:12     | Noticed a white ugly thing
 26580 | D:12     | Killed a white ugly thing
 26769 | D:12     | Noticed a two-headed ogre
 26795 | D:12     | Killed a two-headed ogre
 26795 | D:12     | Reached skill level 1 in Transmutations
 26795 | D:12     | Reached skill level 1 in Air Magic
 27447 | D:12     | Noticed an unseen horror
 27457 | D:12     | Killed an unseen horror
 27767 | D:10     | Found a staircase to the Lair.
 27775 | Lair:1   | Entered Level 1 of the Lair of Beasts
 27901 | Lair:1   | Noticed a four-headed hydra
 27955 | Lair:1   | Gained mutation: Your spells are a little harder to cast,
                  | but a little more powerful. [potion of mutation]
 27955 | Lair:1   | Gained mutation: Potions are less effective at restoring
                  | your health. [potion of mutation]
 27955 | Lair:1   | Gained mutation: Your muscles are strong. (Str +2) [potion
                  | of mutation]
 27963 | Lair:1   | Killed a four-headed hydra
 27963 | Lair:1   | Reached skill level 10 in Spellcasting
 28644 | Lair:1   | Gained mutation: Your thick and shaggy fur keeps you warm.
                  | (AC +3, rC+) [Felid growth]
 28644 | Lair:1   | Reached XP level 12. HP: 55/55 MP: 24/27
 28917 | Lair:2   | Noticed a six-headed hydra
 29069 | Lair:3   | Noticed a four-headed hydra
 29094 | Lair:3   | Killed a four-headed hydra
 29253 | Lair:3   | Noticed a four-headed hydra
 29285 | Lair:3   | Killed a four-headed hydra
 29501 | Lair:3   | Found a staircase to the Swamp.
 31671 | Lair:4   | Learned a level 4 spell: Summon Lightning Spire
 32523 | Lair:4   | Found a staircase to the Snake Pit.
 34179 | Lair:5   | Reached skill level 5 in Evocations
 35203 | Lair:5   | Noticed an eight-headed hydra
 35207 | Lair:5   | Noticed a seven-headed hydra
 35232 | Lair:5   | Killed an eight-headed hydra
 35248 | Lair:5   | Killed a seven-headed hydra
 35730 | Lair:6   | Entered Level 6 of the Lair of Beasts
 36172 | Lair:1   | Reached skill level 5 in Air Magic
 36417 | Lair:2   | Reached XP level 13. HP: 44/59 MP: 2/29
 38048 | D:11     | Reached ***** piety under Sif Muna
 38048 | D:11     | Identified Sif Muna's Volume of Evil Battle Magic (Sif Muna
                  | gifted it to you on level 11 of the Dungeon)
 38048 | D:11     | Received a gift from Sif Muna
 38353 | D:11     | Killed Nergalle
 38591 | D:12     | Found Agoqux's Assorted Antiques.
 38600 | D:12     | Bought a scroll of identify for 52 gold pieces
 38600 | D:12     | Bought a wand of paralysis (9) for 52 gold pieces
 38731 | D:12     | Reached skill level 1 in Invocations
 39185 | D:13     | Reached skill level 1 in Necromancy
 39778 | D:13     | Demolished by a cyclops
 39779 | D:13     | Reached XP level 12. HP: -15/56 MP: 11/28
 39887 | D:13     | Learned a level 6 spell: Statue Form
 39894 | D:13     | Learned a level 5 spell: Borgnjor's Vile Clutch
 40032 | D:13     | Reached skill level 1 in Earth Magic
 40223 | D:12     | Reached skill level 5 in Transmutations
 41182 | Orc:1    | Entered Level 1 of the Orcish Mines
 41182 | Orc:1    | Noticed an orc high priest
 41911 | D:13     | Found Guorgh's Magic Scroll Boutique.
 41917 | D:13     | Bought a scroll of blinking for 127 gold pieces
 41917 | D:13     | Bought a scroll of teleportation for 51 gold pieces
 41917 | D:13     | Bought a scroll of teleportation for 51 gold pieces
 41917 | D:13     | Bought a scroll of amnesia for 59 gold pieces
 41923 | D:13     | Bought a scroll of fog for 34 gold pieces
 42399 | D:13     | Identified Tiysaote's Almanac of Poisonous Evil Rituals
 42400 | D:13     | Found the amulet of the Air {Inacc +Fly rElec EV+5 RMsl}
 42917 | D:14     | Noticed a two-headed ogre
 42931 | D:14     | Killed a two-headed ogre
 43648 | D:15     | Entered Level 15 of the Dungeon
 44066 | D:11     | Slain by a soul eater
 44067 | D:11     | Reached XP level 11. HP: -2/53 MP: 16/27
 44279 | D:11     | Noticed a sun demon
 45434 | Lair:6   | Slain by a hell rat

Levels and vault maps discovered:
D:1:      dpeg_arrival_concentric_ovals, layout_basic
D:2:      layout_basic, first_ration
D:3:      cheibrodos_greedy_goblins, layout_basic, lemuel_flame_loot_1
D:4:      layout_basic, nicolae_overflow_quartered_altars, uniq_menkaure,
          uniq_grinder
D:5:      layout_basic, minmay_temple_entry_hall, gup_ossuary_entry_pyramid,
          uniq_crazy_yiuf_cottage
D:6:      layout_rooms, grunt_gozag_statues, serial_shops,
          kennysheep_little_box, uniq_blork_the_orc
D:7:      layout_rooms, grunt_livestock, cheibrodos_worm_habitat
D:8:      layout_basic, grunt_dithmenos_smoke, serial_shops, shop
D:9:      layout_stronghold
D:10:     layout_rooms, david_lair_shrubbed, minmay_misc_feat_plants,
          st_stairs_11, minmay_crystal_water, tso_metal_star, uniq_josephine
D:11:     layout_cave_pools, kennysheep_orc_monster_closet_entryway,
          hangedman_decor_diamond_cutter, uniq_nergalle
D:12:     layout_basic, serial_shops, shop, serial_glass, glass_columns_b,
          glass_columns_b
D:13:     minmay_the_grid_plus_closed [minmay_the_grid_slots,
          minmay_the_grid_outer_diamond, minmay_the_grid_spin_star,
          minmay_the_grid_doors, minmay_the_grid_prize_shrinking_boxes],
          layout_loops_ring, serial_shops, shop
D:14:     layout_stronghold, erik_vaults_2, serial_bayou_shore_a
D:15:     grunt_enter_depths_snipers, layout_basic, hangedman_decor_growths
Temple:   nicolae_temple_x_marks_the_god
Lair:1:   layout_chaotic_city, enter_volcano_3
Lair:2:   layout_gridlike, minmay_lair_oklob_chamber, lemuel_fruit_fields
Lair:3:   layout_regular_city, minmay_swamp_entry_worms, gauntlet_entry_generic
Lair:4:   layout_roguey, minmay_snake_entry_guardpost_medium,
          infiniplex_staircase_pool_2, grunt_megastairs_2
Lair:5:   layout_misc_corridors, minmay_lair_oklob_items
Lair:6:   hangedman_lair_caniforms_friends, layout_regular_city,
          hangedman_lair_in_review, slime_altar_2, gammafunk_ghost_split, pond
Orc:1:    layout_diamond_mine, basic_altar

Skill      XL: |  1  2  3  4  5  6  7  8  9 10 11 12 13 |
---------------+----------------------------------------+-----
Conjurations   | 1 2 3 4 5 6 |  6.2
Dodging        | 3 4 5 6 7 8 9 10 11 | 11.6
Fighting       | 1 2 3 4 5 6 7 9 |  9.0
Unarmed Combat | 1 2 3 4 |  4.4
Spellcasting   | 4 5 6 7 9 10 11 | 11.6
Summonings     | 2 3 4 5 6 |  6.7
Fire Magic     | 1 2 3 |  3.8
Hexes          | 5 6 |  6.0
Evocations     | 3 5 |  5.8
Transmutations | 2 5 |  5.7
Air Magic      | 2 5 |  5.4
Invocations    | 2 1 |  2.4
Necromancy     | 2 1 |  2.8
Earth Magic    | 3 |  3.1
Stealth        | |  2.6
Translocations | |  1.5

Action                   |  1- 3 |  4- 6 |  7- 9 | 10-12 | 13-15 || total
-------------------------+-------+-------+-------+-------+-------++-------
Melee: Unarmed           |    18 |    70 |   101 |   357 |    77 ||   623
       Bite              |     2 |     5 |     7 |    47 |    11 ||    72
       Punch             |       |       |     2 |     8 |     1 ||    11
 Cast: Magic Dart        |    92 |    64 |   292 |   547 |    89 ||  1084
       Call Imp          |    15 |    77 |   110 |   239 |    28 ||   469
       Blink             |       |     3 |     9 |    64 |     9 ||    85
       Conjure Flame     |       |     8 |    37 |    72 |    15 ||   132
       Mephitic Cloud    |       |       |    24 |   125 |     9 ||   158
       Sticky Flame      |       |       |     3 |    18 |     2 ||    23
       Summon Lightning  |       |       |       |    68 |    17 ||    85
       Regeneration      |       |       |       |     6 |       ||     6
       Ice Form          |       |       |       |       |     1 ||     1
Evoke: Wand              |       |     7 |    18 |    32 |       ||    57
  Use: Scroll            |       |       |    15 |    19 |     3 ||    37
       Potion            |       |       |     4 |     6 |       ||    10
 Stab: Distracted        |       |     4 |     1 |     7 |       ||    12
       Invisible         |       |       |     2 |       |       ||     2
       Sleeping          |       |       |     2 |     1 |       ||     3
       Confused          |       |       |     4 |    28 |     1 ||    33
       Paralysed         |       |       |       |     5 |       ||     5
  Eat: Chunk             |    12 |     3 |    39 |    44 |     9 ||   107
       Ration            |       |     1 |     1 |       |       ||     2
Armor: Skin              |     1 |     2 |    34 |    15 |     6 ||    58
Dodge: Dodged            |    24 |    60 |   151 |   593 |   132 ||   960
       Deflected         |       |       |       |     3 |       ||     3
